 Dungeon Crawl Stone Soup version 0.17-a0-1181-gabc46e6 (webtiles) character file.

35 Fluffy the Magician (level 3, -6/19 HPs)
             Began as a Deep Elf Wizard on May 31, 2015.
             Mangled by a gnoll
             ... wielding a +0 halberd
              (11 damage)
             ... on level 2 of the Dungeon.
             The game lasted 00:13:14 (1380 turns).

Fluffy the Magician (Deep Elf Wizard)               Turns: 1380, Time: 00:13:14

Health: -6/19      AC:  3    Str:  4    XL:     3   Next: 16%
Magic:  11/11      EV:  6    Int: 23    God:
Gold:   45         SH:  0    Dex: 13    Spells: 2 memorised, 7 levels left

rFire  . . .     SeeInvis .     h - +1 short sword
rCold  . . .     Clarity  .     a - +0 robe
rNeg   . . .     SustAt   .     (no shield)
rPois  .         Gourm    .     b - +0 hat
rElec  .         Spirit   .     (no cloak)
rCorr  .         Warding  .     (no gloves)
rMut   .         Stasis   .     k - +0 pair of boots
MR     .....                    (no amulet)
Stlth  ++........               (no ring)
                                (no ring)

@: held, not resistant to hostile enchantments, unstealthy
A: no striking features
a: no special abilities


You were on level 2 of the Dungeon.
You were not hungry.

You visited 1 branch of the dungeon, and saw 2 of its levels.

You collected 45 gold pieces.

Inventory:

Hand weapons
 h - a +1 short sword (weapon)
Armour
 a - a +0 robe (worn)
 b - a +0 hat (worn)
 k - a +0 pair of boots (worn)
Scrolls
 e - 3 scrolls of identify {unknown}
 n - a scroll of teleportation {unknown}
Potions
 i - a potion of lignification {unknown}
 j - a potion of curing {unknown}
Books
 c - a book of Minor Magic

   Spells                             Type                      Level
   a - Magic Dart                     Conjuration                  1
   b - Blink                          Translocation                2
   c - Call Imp                       Summoning                    2
   d - Repel Missiles                 Charms/Air                   2
   e - Slow                           Hexes                        2
   f - Conjure Flame                  Conjuration/Fire             3
   g - Mephitic Cloud                 Conjuration/Poison/Air       3
Comestibles
 d - 2 bread rations
 f - a meat ration


   Skills:
 - Level 2.4 Dodging
 - Level 2.4 Stealth
 - Level 4.6 Spellcasting
 + Level 3.2 Conjurations
   Level 1.1 Summonings
   Level 1.1 Translocations
 + Level 0.0 Air Magic
 + Level 0.0 Poison Magic


You had 7 spell levels left.
You knew the following spells:

 Your Spells              Type           Power        Failure   Level  Hunger
a - Magic Dart            Conj           ###.         2%          1    None
b - Mephitic Cloud        Conj/Pois/Air  ##......     21%         3    ##.....


Dungeon Overview and Level Annotations

Branches:
Dungeon (2/15)

Altars:
Yredelemnul


Message History

You see here a throwing net.
You struggle against the net.
You try to slip out of the net.
Read which item? (? for menu, Esc to quit)
As you read the scroll labeled RICRUE VEEMIODANN, it crumbles to dust.
The scroll dissolves into smoke.
It was a scroll of fog.
The gnoll hits you from afar with a halberd.
The gnoll hits you from afar with a halberd!
* * * LOW HITPOINT WARNING * * *
Read which item? (? for menu, Esc to quit)
As you read the scroll labeled RITIUNUI HIDIAZEI, it crumbles to dust.
You feel blessed for a moment.
It was a scroll of remove curse.
Read which item? (? for menu, Esc to quit)
As you read the scroll labeled YPNOJ DAAMAHE, it crumbles to dust.
It is a scroll of enchant weapon.
Enchant which weapon? (? for menu, Esc to quit)
Your +0 short sword glows red for a moment.
The gnoll hits you from afar with a halberd!
Ouch! That really hurt!
You die...

............#######..######
..###............[.#.# .
...................# ...
......######....#..###.#
......# ####..#.....
####..# ##.#... #.## #g#.#
#.# #§#.# # #.# #@#.#
####.# #§#.# .....# #g#.#
.###.# #g#... .# #.#
#.#..... ## #.# #...#....
#.# ### .#.# ####.# ..#
.....#


You could see 2 gnolls.

Vanquished Creatures
  2 oozes (D:1)
  2 giant cockroaches (D:1)
  4 hobgoblins (D:1)
  2 bats
  2 giant geckos (D:1)
  A giant newt (D:2)
  4 goblins (D:1)
  5 kobolds (D:1)
  5 rats (D:1)
27 creatures vanquished.

Notes
Turn   | Place    | Note
--------------------------------------------------------------
     0 | D:1      | Fluffy the Deep Elf Wizard began the quest for the Orb.
     0 | D:1      | Reached XP level 1. HP: 10/10 MP: 7/7
   251 | D:1      | Reached XP level 2. HP: 15/15 MP: 4/9
   843 | D:1      | Reached XP level 3. HP: 13/19 MP: 3/11
  1248 | D:2      | Learned a level 3 spell: Mephitic Cloud
  1328 | D:2      | Found a basalt altar of Yredelemnul.
  1380 | D:2      | Mangled by a gnoll

Vault maps used:
D:1:      dpeg_chamrin_arrival_tetris, minmay_tree_intersection
D:2:      nicolae_overflow_crystal_walls, serial_co_window_serial,
          co_window_paths_b, co_window_paths_a, co_window_paths_a,
          co_window_of_opportunity_a, co_window_corner_a, co_window_paths_a,
          co_window_of_opportunity_b, co_window_broadway_a, co_window_2corner,
          co_window_broadway_c, co_window_of_opportunity_b,
          co_window_of_opportunity_c, glass_columns_a, glass_columns_a,
          glass_columns_a, glass_columns_a, glass_columns_a

Action                   || total
-------------------------++-------
 Cast: Magic Dart        ||    57
  Use: Scroll            ||     3
  Eat: Chunk             ||     1
